 Dungeon Crawl Stone Soup version 0.29.1-1-gd02db6906a (webtiles) character file.

Game seed: 8102762387514715327

165 warriortoast the Trooper (level 5, 0/35 HPs)
             Began as a Gargoyle Fighter on Sept 20, 2022.
             Slain by a gnoll
             ... wielding a +0 flail
              (6 damage)
             ... on level 3 of the Dungeon.
             The game lasted 00:09:15 (3001 turns).

warriortoast the Trooper (Gargoyle Fighter)         Turns: 3001, Time: 00:09:15

Health: 0/35       AC: 14    Str: 21    XL:     5   Next: 46%
Magic:  5/5        EV:  9    Int:  9    God:
Gold:   122        SH:  4    Dex:  9    Spells: 4/4 levels left

rFire   . . .      SeeInvis .   a - +0 flail
rCold   . . .      Faith    .   c - +0 buckler
rNeg    + . .      Spirit   .   b - +0 scale mail
rPois   ∞          Reflect  .   g - +0 helmet
rElec   +          Harm     .   o - +0 cloak
rCorr   .          Rampage  .   (no gloves)
Will    .....                   l - +0 pair of boots
Stlth   ..........              (no amulet)
HPRegen 0.11/turn               (no ring)
MPRegen 0.09/turn               (no ring)

@: no status effects
A: sickness immunity, AC +4, negative energy resistance 1, electricity
resistance, torment resistance 1, petrification resistance
a: no special abilities


You were on level 3 of the Dungeon.
You visited 1 branch of the dungeon, and saw 4 of its levels.

You collected 122 gold pieces.

Inventory:

Hand Weapons
 a - a +0 flail (weapon)
Armour
 b - a +0 scale mail (worn)
 c - a +0 buckler (worn)
 g - a +0 helmet (worn)
 l - a +0 pair of boots (worn)
 o - a +0 cloak (worn)
Scrolls
 e - a scroll of butterflies {unknown}
 f - a scroll of enchant armour {unknown}
 k - a scroll of torment {unknown}
 m - 4 scrolls of identify {unknown}
 q - a scroll of amnesia {unknown}
Potions
 h - a potion of brilliance {unknown}
 j - a potion of haste {unknown}
 n - a potion of lignification {unknown}
 p - a potion of ambrosia {unknown}


   Skills:
 + Level 5.2 Fighting
 + Level 4.1 Maces & Flails
 - Level 3.2 Armour
 - Level 3.2 Shields


You had 4 spell levels left.
You didn't know any spells.
Your spell library was empty.

Dungeon Overview and Level Annotations

Branches:
Dungeon (4/15)
 Temple: D:4-7

Altars:
Dithmenos
Elyvilon

Annotations:
D:4 Menkaure


Innate Abilities, Weirdness & Mutations

You are immune to sickness and miasma.
Your stone body is resilient. (AC +4)
You are immune to poison.
You resist negative energy. (rN+)
You are resistant to electric shocks. (rElec)
You are resistant to unholy torment.
You are immune to petrification.


Message History

The adder bites you but does no damage. x2
The gnoll attacks as you move away! The gnoll hits you but does no damage.
The adder bites you but does no damage. The adder bites you but does no damage.
You barely miss the gnoll.
The gnoll is lightly wounded.
You block the gnoll's attack.
You closely miss the gnoll.
The gnoll is lightly wounded.
The gnoll hits you but does no damage. The gnoll hits you with a +0 club.
You hit the gnoll.
The gnoll is heavily wounded.
The gnoll hits you but does no damage.
You hit the gnoll.
The gnoll is heavily wounded.
The gnoll closely misses you.
You hit the gnoll.
The gnoll is almost dead.
You block the gnoll's attack.
You hit the gnoll.
You kill the gnoll!
The gnoll hits you but does no damage.
You barely miss the gnoll. You block the gnoll's attack.
You barely miss the gnoll. The gnoll barely misses you.
You hit the gnoll.
The gnoll is lightly wounded.
The gnoll hits you with a +0 flail.
* * * LOW HITPOINT WARNING * * *
You closely miss the gnoll.
The gnoll is lightly wounded.
The gnoll completely misses you. The gnoll closely misses you.
You barely miss the gnoll.
The gnoll is lightly wounded.
The gnoll hits you but does no damage.
You closely miss the gnoll. The gnoll hits you with a +0 flail.
* * * LOW HITPOINT WARNING * * *
You hit the gnoll.
The gnoll is moderately wounded.
The gnoll hits you with a +0 flail.
You die...

### #.# #.##.#..########.. #.#
#..........#†.†##. #.#
##.#.###.###....#. #.#
#.#......#†...##. # #.#
#.#..##.##.†..### ## ##.###
#.#...#.###÷####. .## ##..#.##
#.##..#.#.##.##..
..####......#####.##......###...#
..'...........Sg@.........'.#####
..####........###.......###......
.## ##...>..## #####.### ##.....
## ###...## #.# ##.... # ##.##
##.## ##... #.# ##.#.## ##'# #.#
#.###.# #.# #########.#
##.#.###### #.# #.........#
##..##...###.#


You could see a gnoll and an adder.

Vanquished Creatures
  The ghost of bchevrier the Caller, an amateur GnWn of Kikubaaqudgha (D:3)
  2 gnolls
  2 adders
  2 dart slugs
  4 bats
  2 endoplasms
  8 goblins
  4 hobgoblins
  2 jackals (D:2)
  2 quokkas (D:1)
  5 ball pythons
  4 frilled lizards
  3 kobolds
  A rat (D:1)
42 creatures vanquished.

Notes
Turn   | Place    | Note
-------+----------+-------------------------------------------
     0 | D:1      | warriortoast the Gargoyle Fighter began the quest for the
                  | Orb.
     0 | D:1      | Reached XP level 1. HP: 14/14 MP: 1/1
   183 | D:1      | Reached XP level 2. HP: 19/19 MP: 2/2
   277 | D:1      | Found a faded altar of an unknown god.
   797 | D:2      | Reached XP level 3. HP: 24/24 MP: 3/3
   829 | D:2      | Reached skill level 4 in Fighting
   875 | D:2      | Found a white marble altar of Elyvilon.
  1606 | D:3      | Found a shadowy altar of Dithmenos.
  1901 | D:3      | Found a runed translucent door.
  1903 | D:3      | Noticed bchevrier's ghost (amateur GnWn)
  1915 | D:3      | Killed bchevrier's ghost
  1916 | D:3      | Reached XP level 4. HP: 30/30 MP: 4/4
  1916 | D:3      | Reached XP level 5. HP: 34/34 MP: 5/5
  1933 | D:3      | Reached skill level 5 in Fighting
  2417 | D:4      | Noticed Menkaure
  2485 | D:4      | Noticed an acid dragon
  2637 | D:4      | HP: 1/35 [iguana (7)]
  2667 | D:4      | Noticed a black bear
  3001 | D:3      | Slain by a gnoll

Illustrated notes

Levels and vault maps discovered:
D:1:      pf_arrival_petrified_forest, layout_basic,
          dreamdust_ecumenical_altar_hidden_monk_grotto, minmay_3d_cube
D:2:      layout_rooms, basic_altar
D:3:      layout_loops_corners, mainiacjoe_overflow_tiny_flanked,
          ebering_ghost_reflecting_pool, kennysheep_decorative_pillar,
          wander_ebering_terrifying_dragon_lair
D:4:      layout_rooms, gammafunk_temple_overflow_pools,
          mainiacjoe_overflow_alcove_1, okawaru_altar_gauntlet_db,
          nicolae_tso_besieged_by_evil, grunt_ministairs_1,
          chequers_serial_rivers_micro_c, chequers_serial_rivers_micro_b,
          item_on_display_a, uniq_robin, uniq_menkaure, uniq_blork_the_orc

Skill      XL: |  1  2  3  4  5 |
---------------+----------------+-----
Fighting       | 4 5 |  5.2
Maces & Flails | 3 4 |  4.1
Armour         | |  3.2
Shields        | |  3.2

Action                   |  1- 3 |  4- 6 || total
-------------------------+-------+-------++-------
Melee: Flail             |   108 |    43 ||   151
Throw: Dart              |     2 |     2 ||     4
  Use: Potion            |     1 |       ||     1
Armor: Scale mail        |    70 |    35 ||   105
Dodge: Dodged            |    70 |    38 ||   108
Block: Buckler           |    26 |     8 ||    34
